 Dungeon Crawl Stone Soup version 0.29.1-2-gbd0b4ee654 (webtiles) character file.

Game seed: 1625221071276982920

65 mortz the Covered (level 4, -4/28 HPs)
             Began as a Gargoyle Fighter on Nov 1, 2022.
             Slain by a gnoll
             ... wielding a +0 flail
              (7 damage)
             ... on level 2 of the Dungeon.
             The game lasted 00:05:59 (1549 turns).

mortz the Covered (Gargoyle Fighter)                Turns: 1549, Time: 00:06:00

Health: -4/28      AC: 10    Str: 21    XL:     4   Next: 14%
Magic:  4/4        EV:  9    Int:  9    God:
Gold:   102        SH:  4    Dex:  9    Spells: 3/3 levels left

rFire   . . .      SeeInvis .   a - +0 flail
rCold   . . .      Faith    .   c - +0 buckler
rNeg    + . .      Spirit   .   b - +0 scale mail
rPois   ∞          Reflect  .   (no helmet)
rElec   +          Harm     .   (no cloak)
rCorr   .          Rampage  .   (no gloves)
Will    .....                   (no boots)
Stlth   ..........              (no amulet)
HPRegen 0.09/turn               (no ring)
MPRegen 0.09/turn               (no ring)

@: no status effects
A: sickness immunity, AC +3, negative energy resistance 1, electricity
resistance, torment resistance 1, petrification resistance
a: no special abilities


You were on level 2 of the Dungeon.
You visited 1 branch of the dungeon, and saw 2 of its levels.

You collected 102 gold pieces.

Inventory:

Hand Weapons
 a - a +0 flail (weapon)
 f - a +0 dagger
 g - a +0 spear
 l - a +0 hand axe
Missiles
 e - 19 stones (quivered)
Armour
 b - a +0 scale mail (worn)
 c - a +0 buckler (worn)
Potions
 d - 2 potions of might
 h - 2 potions of curing
 i - a potion of degeneration
 j - a potion of brilliance {unknown}
 m - a potion of lignification {unknown}


   Skills:
 + Level 3.6 Fighting
 + Level 2.8 Maces & Flails
 + Level 4.0 Armour
 + Level 0.7 Dodging
 + Level 0.2 Stealth
 + Level 3.6 Shields


You had 3 spell levels left.
You didn't know any spells.
Your spell library contained the following spells:

 Spells                   Type           Power      Damage    Failure   Level
 Poisonous Vapours        Pois/Air       0%         N/A       91%         2
 Corpse Rot               Necr/Pois/Air  0%         N/A       100%        4


Dungeon Overview and Level Annotations

Branches:
Dungeon (2/15) Zot: 10413

Altars:
Xom


Innate Abilities, Weirdness & Mutations

You are immune to sickness and miasma.
Your stone body is resilient. (AC +3)
You are immune to poison.
You resist negative energy. (rN+)
You are resistant to electric shocks. (rElec)
You are resistant to unholy torment.
You are immune to petrification.


Message History

You struggle against the net.
You struggle against the net.
You struggle against the net.
You rip the net and break free!
You hit the gnoll.
The gnoll is moderately wounded.
You hit the gnoll.
The gnoll is moderately wounded.
The gnoll barely misses you.
You sock the gnoll!
The gnoll is severely wounded.
The gnoll hits you with a +0 flail!
You hit the gnoll.
The gnoll is severely wounded.
The gnoll closely misses you. The gnoll barely misses you.
You closely miss the gnoll.
The gnoll is severely wounded.
The gnoll hits you with a +0 flail. The gnoll misses you.
The gnoll closely misses you.
You barely miss the gnoll.
The gnoll is severely wounded.
You closely miss the gnoll.
The gnoll is severely wounded.
The gnoll closely misses you.
You closely miss the gnoll.
The gnoll is severely wounded.
The gnoll hits you with a +0 flail. The gnoll barely misses you.
You hit the gnoll.
You kill the gnoll!
You have reached level 4!
You feel clever. The gnoll hits you with a +0 flail!
* * * LOW HITPOINT WARNING * * *
You see here a +0 flail.
You barely miss the gnoll.
The gnoll is moderately wounded.
The gnoll barely misses you.
You barely miss the gnoll.
The gnoll is moderately wounded.
The gnoll hits you with a +0 flail!
You die...

######### #<......#
#.......# #######
#......)#
.......###.......#
.......#.........# ###
.......g.#.......# #..
.......@##.......# #.#
.......###.......# #.#
....$.. ###.#########.#
....... #.#####......
....... #............
....... #..#...##^...
....... ###..#.###..#.#
######### #....#.##..##.#
#.....######.##.##.†.##..#


You could see a gnoll.

Vanquished Creatures
  2 gnolls (D:2)
  2 adders (D:2)
  2 bats (D:1)
  2 endoplasms
  3 giant cockroaches (D:1)
  2 goblins (D:2)
  A hobgoblin (D:2)
  3 quokkas (D:1)
  5 ball pythons
  2 frilled lizards
  3 kobolds (D:1)
  2 rats (D:2)
29 creatures vanquished.

Notes
Turn   | Place    | Note
-------+----------+-------------------------------------------
     0 | D:1      | mortz the Gargoyle Fighter began the quest for the Orb.
     0 | D:1      | Reached XP level 1. HP: 14/14 MP: 1/1
   178 | D:1      | Reached XP level 2. HP: 18/19 MP: 2/2
   669 | D:1      | Found a faded altar of an unknown god.
   873 | D:2      | Found a shimmering altar of Xom.
   934 | D:2      | Reached XP level 3. HP: 2/23 MP: 3/3
  1532 | D:2      | Reached skill level 4 in Armour
  1547 | D:2      | Reached XP level 4. HP: 10/28 MP: 4/4
  1549 | D:2      | Slain by a gnoll

Illustrated notes

Levels and vault maps discovered:
D:1:      dpeg_arrival_water_temple_mockup, layout_basic,
          shapermc_ecumenical_altar_mp_highgroup
D:2:      layout_rooms, basic_altar

Skill      XL: |  1  2  3 |
---------------+----------+-----
Armour         | 4 |  4.0
Fighting       | |  3.6
Maces & Flails | |  2.8
Dodging        | |  0.7
Stealth        | |  0.2
Shields        | |  3.6

Action                   |  1- 3 |  4- 6 || total
-------------------------+-------+-------++-------
Melee: Flail             |   111 |     2 ||   113
Throw: Stone             |     2 |       ||     2
  Use: Scroll            |     5 |       ||     5
Armor: Scale mail        |    67 |       ||    67
Dodge: Dodged            |    59 |     1 ||    60
Block: Buckler           |    25 |       ||    25
